 Dungeon Crawl Stone Soup version 0.26-a0-1086-g9010512d90 (webtiles) character file.

Game seed: 16369828548596346168

1558 pkoi the Carver (level 8, -5/66 HPs)
             Began as a Minotaur Gladiator on Dec 14, 2020.
             Splashed by an orc priest's acid (9 damage)
             ... on level 5 of the Dungeon.
             The game lasted 00:07:31 (5928 turns).

pkoi the Carver (Minotaur Gladiator)                Turns: 5928, Time: 00:07:32

Health: -5/66      AC:  6    Str: 23    XL:     8   Next: 58%
Magic:  7/7        EV: 13    Int:  5    God:
Gold:   252        SH:  0    Dex: 10    Spells: 7/7 levels left

rFire    . . .     SeeInvis .   a - +0 long sword
rCold    . . .     Faith    .   (no shield)
rNeg     . . .     Spirit   .   i - +0 leather armour
rPois    .         Reflect  .   c - +1 hat
rElec    .         Harm     .   (no cloak)
rCorr    .         Rampage  .   (no gloves)
Will     .....                  (no boots)
Stlth    +.........             (no amulet)
HPRegen  0.21/turn              (no ring)
MPRegen  0.10/turn              (no ring)

@: no status effects
A: retaliatory headbutt, horns 2, slimy green scales 1, clumsy 1, strong 1,
MP-powered wands
a: no special abilities


You were on level 5 of the Dungeon.
You visited 1 branch of the dungeon, and saw 5 of its levels.

You collected 252 gold pieces.

Inventory:

Hand Weapons
 a - a +0 long sword (weapon)
 b - a +0 hunting sling
Missiles
 d - 2 throwing nets
 k - 106 stones (quivered ammo)
 n - 17 sling bullets
Armour
 c - a +1 hat (worn)
 i - a +0 leather armour (worn)
Jewellery
 e - an uncursed amulet of guardian spirit {unknown}
Wands
 p - a wand of digging (4)
Scrolls
 f - a scroll of fog
 g - a scroll of amnesia
 h - a scroll of fear
 j - 3 scrolls of identify
 l - 4 scrolls of teleportation
 m - a scroll of remove curse
Potions
 o - a potion of curing
 q - 3 potions of heal wounds
 r - 2 potions of haste


   Skills:
 + Level 4.1 Fighting
 + Level 9.9 Long Blades
 - Level 5.7(6.0) Slings
 - Level 2.0(3.8) Throwing
 + Level 4.2 Armour
 + Level 4.2 Dodging


You had 7 spell levels left.
You didn't know any spells.
Your spell library was empty.

Dungeon Overview and Level Annotations

Branches:
Dungeon (5/15)
 Temple: D:4-7

Altars:


Innate Abilities, Weirdness & Mutations

You reflexively headbutt those who attack you in melee.
You have a pair of horns on your head.
You are partially covered in slimy green scales. (AC +2)
You are clumsy. (Dex -2)
Your muscles are strong. (Str +2)
You expend magic power (3 MP) to strengthen your wands.


Message History

You hear some strange, mumbled words.
A magic dart appears from out of thin air!
The magic dart hits you but does no damage.
You miss something. You headbutt something.
Reactivating autopickup.
You feel a bit more experienced.
An orc priest comes into view.
It is wielding a +0 whip, wearing the +2 robe of Gato {rF+ rN+ Slay+2} and carrying a wand of acid (6).
The orc priest zaps a wand.
The bolt of acid hits you!
You are splashed with acid!
* * * LOW HITPOINT WARNING * * *
Things that are here:
a cursed +0 dagger; a +0 robe; an orc corpse You now have 252 gold pieces (gained 9).
q - 3 potions of heal wounds (gained 1)
Items here: ) [[ ††.
Items here: ( )) ††.
The orc priest zaps a wand.
The bolt of acid hits you!
* * * LOW HITPOINT WARNING * * *
You are splashed with acid!
You die...

....... .{..8......
..... #o....#..#
#...# #8...8#..#
#.#.# #.###.###o.#
#...# #..........#
#...# #######J#..#
##...### #...##
#..#...#########o#
####..#.......@.))).#
#.#..###...##########
#.#....##..#
#...##.##..#
###.##.##..#
#.##.##### ####.#
###.#### #......#


You could see an orc priest.

Vanquished Creatures
  Sigmund (D:2)
  A water moccasin (D:4)
  2 phantoms
  5 ogres
  2 centaurs (D:5)
  A wyvern skeleton (D:4)
  2 hounds
  A bullfrog zombie (D:5)
  A jelly (D:5)
  An orc priest (D:3)
  2 orc wizards
  A centaur skeleton (D:4)
  An iguana (D:4)
  Terence (D:2)
  A worker ant (D:4)
  4 gnolls (D:5)
  6 adders
  2 white imps
  2 worms (D:4)
  An adder zombie (D:3)
  4 dart slugs
  4 leopard geckos
  8 orcs
  2 ball pythons
  10 bats
  5 giant cockroaches
  10 goblins
  5 hobgoblins
  A quokka (D:4)
  A ball python zombie (D:3)
  8 frilled lizards
  8 kobolds
  6 rats
110 creatures vanquished.

Vanquished Creatures (others)
  3 withered plants (D:3)
3 creatures vanquished.

Grand Total: 113 creatures vanquished

Notes
Turn   | Place    | Note
-------+----------+-------------------------------------------
     0 | D:1      | pkoi the Minotaur Gladiator began the quest for the Orb.
     0 | D:1      | Reached XP level 1. HP: 18/18 MP: 0/0
    25 | D:1      | Reached skill level 4 in Long Blades
    30 | D:1      | Reached XP level 2. HP: 16/25 MP: 1/1
   360 | D:1      | Reached skill level 5 in Long Blades
   378 | D:1      | Reached XP level 3. HP: 28/30 MP: 2/2
   708 | D:2      | Noticed Sigmund
  1084 | D:2      | Noticed Terence
  1093 | D:2      | Killed Terence
  1094 | D:2      | Reached XP level 4. HP: 5/37 MP: 3/3
  1112 | D:2      | Reached skill level 6 in Long Blades
  1113 | D:2      | HP: 1/37 [goblin/+0 dagger (1)]
  1535 | D:3      | Reached skill level 1 in Slings
  1964 | D:3      | Reached XP level 5. HP: 23/42 MP: 4/4
  1972 | D:3      | HP: 1/42 [orc wizard/+0 dagger (2)]
  1975 | D:3      | Gained mutation: Your muscles are strong. (Str +2) [potion
                  | of mutation]
  1975 | D:3      | Gained mutation: You are clumsy. (Dex -2) [potion of
                  | mutation]
  1975 | D:3      | Gained mutation: You expend magic power (3 MP) to
                  | strengthen your wands. [potion of mutation]
  1975 | D:3      | Gained mutation: You are partially covered in slimy green
                  | scales. (AC +2) [potion of mutation]
  2219 | D:2      | Killed Sigmund
  2220 | D:2      | Reached XP level 6. HP: 28/50 MP: 5/5
  3158 | D:4      | Reached skill level 7 in Long Blades
  3158 | D:4      | Reached skill level 5 in Slings
  3521 | D:4      | Reached XP level 7. HP: 30/56 MP: 6/6
  4019 | D:4      | Reached skill level 8 in Long Blades
  4019 | D:4      | Reached skill level 1 in Armour
  4783 | D:5      | Entered Level 5 of the Dungeon
  4855 | D:5      | Reached XP level 8. HP: 16/63 MP: 7/7
  5230 | D:4      | Reached skill level 9 in Long Blades
  5923 | D:5      | Identified the +2 robe of Gato {rF+ rN+ Slay+2}
  5928 | D:5      | Splashed by an orc priest's acid

Illustrated notes

Levels and vault maps discovered:
D:1:      nzn_arrival_depleted_hourglass, layout_rooms
D:2:      layout_basic, uniq_terence, uniq_sigmund
D:3:      layout_basic, serial_undead, serial_undead_b, serial_undead_b,
          serial_undead_f, serial_undead_f
D:4:      layout_basic, st_stairs_11
D:5:      layout_rooms, grunt_ministairs_7, minmay_chambers_of_fives, uniq_pikel

Skill      XL: |  1  2  3  4  5  6  7  8 |
---------------+-------------------------+-----
Long Blades    | 4 5 6 7 8 9 |  9.9
Slings         | 2 4 5 |  5.7
Armour         | 2 4 |  4.2
Fighting       | 3 4 |  4.1
Dodging        | 4 |  4.2
Throwing       | |  2.0

Action                   |  1- 3 |  4- 6 |  7- 9 || total
-------------------------+-------+-------+-------++-------
Melee: Long sword        |    74 |    96 |    88 ||   258
       Headbutt          |    18 |    19 |    26 ||    63
 Fire: Hunting sling     |     2 |    43 |    28 ||    73
Throw: Throwing net      |     1 |       |       ||     1
  Use: Potion            |       |     6 |       ||     6
       Scroll            |       |     7 |     1 ||     8
Armor: Leather armour    |    23 |    15 |    17 ||    55
       Skin              |       |     2 |       ||     2
Dodge: Dodged            |    58 |    51 |    58 ||   167
       Rpst.: Long sword |    13 |    10 |    23 ||    46

Table legend: (Time is in decaauts)
 A = Elapsed time spent in this place.
 B = Non-inter-level travel time spent in this place.
 C = Inter-level travel time spent in this place.
 D = Time resting spent in this place.
 E = Time spent auto-exploring this place.
 F = Levels seen in this place.
 G = Mean time per level.
                   A        B        C        D        E       F      G
               +--------+--------+--------+--------+--------+-----+--------+
         Total |   5944 |   5541 |    403 |   1530 |   3098 |   5 | 1188.8 |
       Dungeon |   5944 |   5541 |    403 |   1530 |   3098 |   5 | 1188.8 |
               +--------+--------+--------+--------+--------+-----+--------+

Top non-repeatable levels by time:
     D:4: 2177 daAuts
     D:3: 1142 daAuts
     D:2: 1014 daAuts
     D:1: 874 daAuts
     D:5: 736 daAuts
